 Dungeon Crawl Stone Soup version 0.28-a0-1510-gd0f6b136d3 (webtiles) character file.

Game seed: 2265697810683895574

11 bladeefan the Grave Robber (level 2, 0/19 HPs)
             Began as a Demonspawn Necromancer on Jan 14, 2022.
             Slain by a hobgoblin (2 damage)
             ... on level 1 of the Dungeon.
             The game lasted 00:02:43 (1082 turns).

bladeefan the Grave Robber (Demonspawn Necromancer) Turns: 1082, Time: 00:02:44

Health: 0/19       AC:  2    Str:  8    XL:     2   Next: 17%
Magic:  5/5        EV: 12    Int: 16    God:
Gold:   22         SH:  0    Dex: 13    Spells: 4/5 levels left

rFire   . . .      SeeInvis .   (no weapon)
rCold   . . .      Faith    .   (no shield)
rNeg    . . .      Spirit   .   a - +0 robe
rPois   .          Reflect  .   (no helmet)
rElec   .          Harm     .   (no cloak)
rCorr   .          Rampage  .   (no gloves)
Will    .....                   (no boots)
Stlth   ++........              (no amulet)
HPRegen 0.06/turn               (no ring)
MPRegen 0.09/turn               (no ring)

@: no status effects
A: claws 1
a: no special abilities


You were on level 1 of the Dungeon.
You visited 1 branch of the dungeon, and saw 1 of its levels.

You collected 22 gold pieces.

Inventory:

Armour
 a - a +0 robe (worn)


   Skills:
 + Level 2.0 Dodging
 + Level 2.0 Stealth
 + Level 2.1 Spellcasting
 * Level 4.6 Necromancy


You had 4 spell levels left.
You knew the following spells:

 Your Spells              Type           Power      Damage    Failure   Level
a - Pain                  Necr           64%        1d7       3%          1

Your spell library contained the following spells:

 Spells                   Type           Power      Damage    Failure   Level
 Animate Skeleton         Necr           32%        N/A       3%          1
 Vampiric Draining        Necr           16%        2d7       9%          3
 Animate Dead             Necr           8%         N/A       30%         4
 Agony                    Necr           16%        N/A       63%         5


Dungeon Overview and Level Annotations

Branches:
Dungeon (1/15)

Altars:


Innate Abilities, Weirdness & Mutations

You have sharp fingernails.


Message History

You kill the bat!
You start resting.
You start waiting.
Done waiting.
You can't see any susceptible monsters within range! (Use Z to cast anyway.)
You now have 22 gold pieces (gained 11).
Things that are here:
a +0 dagger; a stone; a kobold skeleton
Things that are here:
a +0 club; 4 stones A goblin is nearby!
The goblin shouts!
The goblin barely resists.
The goblin throws a stone.
The stone barely misses you.
The goblin writhes in agony.
The goblin barely resists.
The goblin writhes in agony.
The goblin misses you.
The goblin writhes in agony.
You kill the goblin!
Items here: ( ) [ †.
A quokka comes into view.
You can't see any susceptible monsters within range! (Use Z to cast anyway.)
The quokka writhes in agony.
The quokka writhes in agony.
The quokka writhes in agony.
You kill the quokka!
Your Dodging skill increases to level 2!
Key pressed, stopping explore.
Found a stone staircase leading down.
A hobgoblin comes into view.
The hobgoblin shouts!
The hobgoblin barely misses you.
A goblin comes into view. It is wielding a +0 dagger.
The hobgoblin hits you.
The hobgoblin writhes in agony.
The hobgoblin hits you.
The hobgoblin writhes in agony.
The hobgoblin hits you.
Found a glowing hand axe.
The hobgoblin writhes in agony.
The hobgoblin hits you.
* * * LOW HITPOINT WARNING * * *
The hobgoblin writhes in agony.
The hobgoblin writhes in agony.
The hobgoblin hits you.
* * * LOW HITPOINT WARNING * * *
A bat comes into view.
Found a leather armour.
Found a coppery potion.
You barely miss the hobgoblin. The hobgoblin hits you.
* * * LOW HITPOINT WARNING * * *
You scratch the hobgoblin but do no damage.
The hobgoblin hits you.
You die...

.#####..#.##.#
##.###.##.
.....)....#
######.#.##.#
######..###
..............
#....############.#..
#....................
####.####..##........
#g####...# ##.....
#g#..#...# ##.#..
#@#.##...##.##.#..
#..#.........#
#..####.#.####
...##.#.#.#<#
b#..##...+...#
..#.########### !⌠[#.
#...#.


You could see a hobgoblin, a goblin and a bat (asleep).

Vanquished Creatures
  A goblin (D:1)
  A hobgoblin (D:1)
  3 quokkas (D:1)
  2 bats (D:1)
  3 frilled lizards (D:1)
  2 kobolds (D:1)
12 creatures vanquished.

Notes
Turn   | Place    | Note
-------+----------+-------------------------------------------
     0 | D:1      | bladeefan the Demonspawn Necromancer began the quest for
                  | the Orb.
     0 | D:1      | Reached XP level 1. HP: 13/13 MP: 3/3
   545 | D:1      | Gained mutation: You have sharp fingernails. [demonic
                  | ancestry]
   545 | D:1      | Reached XP level 2. HP: 11/19 MP: 3/5
  1082 | D:1      | Slain by a hobgoblin

Illustrated notes

Levels and vault maps discovered:
D:1:      onia_arrival_mini_spirals, layout_loops_ring, chequers_mini_garden,
          minmay_pentomino_o4

Skill      XL: |  1  2 |
---------------+-------+-----
Stealth        | 2 |  2.0
Dodging        | 2 |  2.0
Spellcasting   | |  2.1
Necromancy     | |  4.6

Action                   || total
-------------------------++-------
Melee: Unarmed           ||     2
 Cast: Pain              ||    31
  Use: Scroll            ||     1
Armor: Robe              ||     4
Dodge: Dodged            ||     7

Table legend: (Time is in decaauts)
 A = Elapsed time spent in this place.
 B = Non-inter-level travel time spent in this place.
 C = Inter-level travel time spent in this place.
 D = Time resting spent in this place.
 E = Time spent auto-exploring this place.
 F = Levels seen in this place.
 G = Mean time per level.
                   A        B        C        D        E       F      G
               +--------+--------+--------+--------+--------+-----+--------+
         Total |   1082 |   1082 |      0 |    277 |    602 |   1 | 1082.0 |
       Dungeon |   1082 |   1082 |      0 |    277 |    602 |   1 | 1082.0 |
               +--------+--------+--------+--------+--------+-----+--------+

Top non-repeatable levels by time:
     D:1: 1082 daAuts
